 Dungeon Crawl Stone Soup version 0.30.0-29-ga12c61a403 (webtiles) character file.

Game seed: 9398427181512218908

827 DildoBatman the Conjurer (level 8, -7/60 HPs)
             Began as a Formicid Conjurer on June 9, 2023.
             Mangled by an orc
             ... wielding a +0 flail
              (9 damage)
             ... on level 7 of the Dungeon.
             The game lasted 00:21:06 (6014 turns).

DildoBatman the Conjurer (Formicid Conjurer)        Turns: 6014, Time: 00:21:06

Health: -7/60      AC:  3    Str: 12    XL:     8   Next: 17%
Magic:  14/14      EV: 12    Int: 20    God:
Gold:   171        SH:  0    Dex: 12    Spells: 13/16 levels left

rFire   . . .        a - +1 halberd
rCold   + . .        (no shield)
rNeg    . . .        p - +0 robe
rPois   .            (helmet unavailable)
rElec   .            (no cloak)
rCorr   .            (no gloves)
SInv    +            s - +0 pair of boots
Will    .....        e - amulet of the acrobat
Stlth   ++           v - ring of protection from cold
HPRegen 0.30/turn    (no ring)
MPRegen 0.14/turn

%: acrobat
@: no status effects
A: permanent stasis, dig shafts and tunnels, antennae 3, four strong arms
a: Dig, Shaft Self


You were on level 7 of the Dungeon.
You visited 2 branches of the dungeon, and saw 8 of its levels.
You also visited: Ossuary.

You collected 171 gold pieces.

Inventory:

Hand Weapons
 a - a +1 halberd (weapon)
 b - a +0 long sword
 c - a +0 sling
Missiles
 d - a throwing net
 t - 6 javelins
 y - 9 poisoned darts
Armour
 o - a +0 kite shield
 p - a +0 robe (worn)
 s - a +0 pair of boots (worn)
Magical Staves
 f - a staff of fire
Jewellery
 e - an amulet of the acrobat (around neck)
 j - a ring of fire
 v - a ring of protection from cold (left hand)
Scrolls
 i - a scroll of torment
 k - a scroll of silence
 q - a scroll of noise {unknown}
 x - 3 scrolls of enchant weapon {unknown}
 z - a scroll of fear {unknown}
 C - 2 scrolls of identify
 D - 2 scrolls of immolation {unknown}
 E - a scroll of fog {unknown}
 F - a scroll of poison
Potions
 g - a potion of brilliance
 h - a potion of invisibility {unknown}
 l - 7 potions of heal wounds
 m - a potion of haste {unknown}
 n - a potion of cancellation {unknown}
 r - 2 potions of magic
 u - a potion of curing
 w - a potion of lignification {unknown}
 A - a potion of berserk rage {unknown}
 B - 3 potions of ambrosia
 G - a potion of might {unknown}
 H - a potion of attraction {unknown}


   Skills:
 * Level 4.2 Fighting
 * Level 4.1 Armour
 - Level 3.0 Dodging
 - Level 3.0 Stealth
 * Level 4.5 Spellcasting
 * Level 5.1 Conjurations


You had 13 spell levels left.
You knew the following spells:

 Your Spells              Type           Power      Damage    Failure   Level
a - Searing Ray           Conj           50%        2d6       2%          2
c - Magic Dart            Conj           100%       1d8       1%          1

Your spell library contained the following spells:

 Spells                   Type           Power      Damage    Failure   Level
 Dazzling Flash           Conj/Hex       28%        N/A       13%         3
 Cigotuvi's Dreadful Rot  Necr/Pois/Air  8%         N/A       19%         2
 Fulminant Prism          Conj/Hex       7%         3d7       38%         4
 Iskenderun's Mystic Bla  Conj/Tloc      14%        2d5       38%         4
 Dispel Undead            Necr           4%         3d7       77%         4
 Death Channel            Necr           2%         N/A       100%        6


Dungeon Overview and Level Annotations

Branches:
Dungeon (7/15)             Temple (1/1) D:7         Ossuary (visited)

Altars:
Ashenzari
Cheibriados
Dithmenos
Elyvilon
Fedhas
Gozag
Hepliaklqana
Makhleb
Nemelex Xobeh
Okawaru
Qazlal
Sif Muna
Uskayaw
Wu Jian
Xom
Yredelemnul
Zin
The Shining One

Shops:
D:1 (

Annotations:
D:3 1 runed translucent door, Crazy Yiuf
D:7 exclusions: 2 sensed monsters (detected) and sky beast


Innate Abilities, Weirdness & Mutations

You cannot be hasted, slowed, berserked, paralysed or teleported.
You can dig through walls and to a lower floor.
You have a pair of large antennae on your head. (SInv)
Your four strong arms can wield two-handed weapons with a shield.


Message History

The orc closely misses you. What are your orders? t - Shout!
Orders for allies: a - Attack new target. r - Retreat! s - Stop attacking. g - Guard the area. f - Follow me.
Anything else - Cancel.
You shout for attention!
The orc misses you. The orc closely misses you.
The orc hits you with a +0 flail. What are your orders? t - Shout!
Orders for allies: a - Attack new target. r - Retreat! s - Stop attacking. g - Guard the area. f - Follow me.
Anything else - Cancel.
You shout for attention!
The orc barely misses you. The orc closely misses you.
The orc barely misses you. What are your orders? t - Shout!
Orders for allies: a - Attack new target. r - Retreat! s - Stop attacking. g - Guard the area. f - Follow me.
Anything else - Cancel.
You shout for attention!
The orc barely misses you. x3
What are your orders? t - Shout!
Orders for allies: a - Attack new target. r - Retreat! s - Stop attacking. g - Guard the area. f - Follow me.
Anything else - Cancel.
You shout for attention!
The orc hits you with a +0 flail. The orc barely misses you.
The orc hits you with a +0 flail!
You die...

...≈§≈≈≈≈≈≈..# #.# #
.............. ..# #.#
# ##............ ..#
#.# #
##.###.####.####.# #.#
# ...# #.# #. #.# #.# #
#### #.# #.#
#######.##### #.# #o#
#>..<..#..... #.#
#.####o####.###.###....
#.# #....o@o....#
##.#.#### #.#
######.###### ##.## #.#
#.# ### #.#########.#
#...........#
#############


You could see 4 orcs.

Vanquished Creatures
  A water moccasin (Temple)
  A phantom (D:7)
  A scorpion (D:6)
  2 wights (D:7)
  2 centaur zombies (Ossuary)
  A hound (D:4)
  A jelly (D:6)
  An orc wizard (D:6)
  3 ogre zombies (Ossuary)
  7 mummies (Ossuary)
  7 adders
  A white imp (D:5)
  8 adder zombies (Ossuary)
  2 worms
  2 dart slugs (D:4)
  7 orcs
  3 ball pythons
  3 bats
  6 endoplasms
  A giant cockroach (D:1)
  5 hobgoblins
  5 jackals
  3 quokkas
  A frilled lizard (D:2)
  A gnoll zombie (Ossuary)
  7 goblins
  A goblin zombie (Ossuary)
  2 hobgoblin zombies (Ossuary)
  7 kobolds
  4 kobold zombies (Ossuary)
  5 quokka zombies (Ossuary)
  4 rat zombies (Ossuary)
105 creatures vanquished.

Notes
Turn   | Place    | Note
-------+----------+-------------------------------------------
     0 | D:1      | DildoBatman the Formicid Conjurer began the quest for the
                  | Orb.
     0 | D:1      | Reached XP level 1. HP: 13/13 MP: 3/3
   276 | D:1      | Found Cor Wash's Weapon Shop.
   283 | D:1      | Reached XP level 2. HP: 20/20 MP: 1/5
   286 | D:1      | Learned a level 2 spell: Searing Ray
   420 | D:1      | Found a faded altar of an unknown god.
   870 | D:2      | Reached skill level 1 in Fighting
   870 | D:2      | Reached XP level 3. HP: 25/26 MP: 0/6
  1294 | D:2      | Reached skill level 1 in Armour
  1464 | D:2      | Reached XP level 4. HP: 32/32 MP: 4/7
  2139 | D:3      | Reached skill level 4 in Conjurations
  2268 | D:3      | Found a runed translucent door.
  2269 | D:3      | Noticed Crazy Yiuf
  2299 | D:3      | Reached XP level 5. HP: 38/38 MP: 5/9
  3065 | D:4      | Found a sand-covered staircase.
  3084 | Ossuary  | Entered an ossuary
  3287 | Ossuary  | Reached XP level 6. HP: 42/44 MP: 10/10
  3713 | Ossuary  | Reached XP level 7. HP: 52/52 MP: 2/12
  3803 | D:5      | Entered Level 5 of the Dungeon
  4161 | D:6      | Found an iron altar of Okawaru.
  4224 | D:6      | Found a snail-covered altar of Cheibriados.
  4454 | D:7      | Noticed a two-headed ogre
  4500 | D:7      | Found a staircase to the Ecumenical Temple.
  4502 | D:7      | Noticed a water moccasin
  4670 | D:7      | Found a glowing silver altar of Zin.
  4936 | Temple   | Entered the Ecumenical Temple
  4946 | Temple   | Killed a water moccasin
  5268 | D:7      | Found an opulent altar of Gozag.
  5606 | D:7      | Reached skill level 5 in Conjurations
  5766 | D:7      | Reached XP level 8. HP: 58/60 MP: 7/14
  6011 | D:7      | HP: 3/60 [orc/+0 flail (1)]
  6014 | D:7      | Mangled by an orc

Illustrated notes

Levels and vault maps discovered:
D:1:      minmay_arrival_arboretum_small, layout_rooms, serial_shops, shop,
          serial_rivers, chequers_serial_rivers_large_b,
          chequers_serial_rivers_micro_e, chequers_serial_rivers_micro_b,
          chequers_serial_rivers_room_b, chequers_serial_rivers_small_a,
          chequers_serial_rivers_micro_a, shapermc_ecumenical_altar_flowoftime
D:2:      layout_basic
D:3:      layout_basic, uniq_crazy_yiuf_cottage
D:4:      layout_loops_ring, chequers_ossuary_entry_cave,
          chequers_serial_rivers_micro_e, kennysheep_generic_room_8
D:5:      layout_basic, minmay_circle_x
D:6:      layout_loops_ring, mainiacjoe_overflow_alcove_2, okawaru_gym_becter
D:7:      layout_loops_ring, mainiacjoe_overflow_concentric_impassable,
          lemuel_coloured_pillars_altar, minmay_temple_entry_stoned_glass
Temple:   minmay_temple_curvy_branch

Skill      XL: |  1  2  3  4  5  6  7 |
---------------+----------------------+-----
Dodging        | 2 3 |  3.0
Fighting       | 1 2 3 4 |  4.2
Armour         | 1 2 4 |  4.1
Stealth        | 3 |  3.0
Conjurations   | 4 5 |  5.1
Spellcasting   | 3 4 |  4.5

Action                     |  1- 3 |  4- 6 |  7- 9 || total
---------------------------+-------+-------+-------++-------
  Melee: Staff             |    12 |       |       ||    12
         Long sword        |       |   126 |    13 ||   139
         Punch             |       |     1 |       ||     1
   Fire: Sling             |    28 |    42 |     4 ||    74
   Cast: Magic Dart        |    26 |     2 |     7 ||    35
         Searing Ray       |    11 |    20 |    16 ||    47
Ability: Dig               |     1 |       |       ||     1
    Use: Scroll            |       |     7 |     7 ||    14
         Potion            |       |       |     1 ||     1
   Stab: Sleeping          |       |     5 |       ||     5
 Armour: Robe              |     2 |    54 |     4 ||    60
  Dodge: Dodged            |    16 |   114 |    83 ||   213
